 Dungeon Crawl Stone Soup version 0.31.0-11-ge490571c62 (webtiles) character file.

Game seed: 1964349193586123281

18 theswoord the Twirler (level 2, -10/22 HPs)
             Began as a Demonspawn Gladiator on Jan 30, 2024.
             Mangled by Crazy Yiuf
             ... wielding a +2 quarterstaff of chaos
              (11 damage)
             ... on level 2 of the Dungeon.
             The game lasted 00:00:57 (1230 turns).

theswoord the Twirler (Demonspawn Gladiator)        Turns: 1230, Time: 00:00:58

Health: -10/22     AC:  4    Str: 14    XL:     2   Next: 48%
Magic:  2/2        EV: 12    Int:  8    God:
Gold:   86         SH:  0    Dex: 14    Spells: 1/1 levels left

rFire   . . .        a - +0 quarterstaff
rCold   . . .        (shield currently unavailable)
rNeg    . . .        b - +0 leather armour
rPois   .            c - +0 helmet
rElec   .            (no cloak)
rCorr   .            (no gloves)
SInv    .            (no boots)
Will    .....        (no amulet)
Stlth   +            (no ring)
HPRegen 0.23/turn    (no ring)
MPRegen 0.08/turn

%: no passive effects
@: lethally poisoned (-10 -> -12)
A: hooves 1
a: no special abilities


You were on level 2 of the Dungeon.
You visited 1 branch of the dungeon, and saw 2 of its levels.

You collected 86 gold pieces.

Inventory:

Hand Weapons
 a - a +0 quarterstaff (weapon)
Missiles
 e - a javelin
Armour
 b - a +0 leather armour (worn)
 c - a +0 helmet (worn)
Scrolls
 g - 2 scrolls of identify {unknown}
 i - a scroll of teleportation {unknown}
Potions
 f - a potion of heal wounds {unknown}
 h - a potion of degeneration {unknown}


   Skills:
 - Level 2.0 Fighting
 + Level 3.5 Staves
 - Level 1.7 Throwing
 - Level 2.6 Dodging


You had one spell level left.
You didn't know any spells.
Your spell library was empty.

Dungeon Overview and Level Annotations

Branches:
Dungeon (2/15)

Altars:

Annotations:
D:2 Crazy Yiuf


Innate Abilities, Weirdness & Mutations

You have large cloven feet.


Message History

Found three hammers.
Crazy Yiuf says, "Tosser!"
You see here a +0 hammer.
You open the door.
Throw: 3 throwing nets
Press: ? - help, Q - select action, (/) - cycle Shift-Dir - straight line, f - Crazy Yiuf
Aim: Crazy Yiuf, wielding a +2 quarterstaff of chaos and wearing a +0 cloak (60% to hit)
You throw a throwing net.
The throwing net barely misses Crazy Yiuf.
Throw: 2 throwing nets
Press: ? - help, Q - select action, (/) - cycle Shift-Dir - straight line, f/p - Crazy Yiuf
Aim: Crazy Yiuf, wielding a +2 quarterstaff of chaos and wearing a +0 cloak (60% to hit)
You throw a throwing net.
The throwing net barely misses Crazy Yiuf.
Crazy Yiuf flaps his cloak.
Crazy Yiuf closely misses you.
Throw: throwing net
Press: ? - help, Q - select action, (/) - cycle Shift-Dir - straight line, f/p - Crazy Yiuf
Aim: Crazy Yiuf, wielding a +2 quarterstaff of chaos and wearing a +0 cloak (60% to hit)
You throw a throwing net.
The throwing net closely misses Crazy Yiuf.
Crazy Yiuf closely misses you.
You closely miss Crazy Yiuf. Your kick misses Crazy Yiuf.
Crazy Yiuf hits you with a +2 quarterstaff of chaos.
You are poisoned.
You barely miss Crazy Yiuf. Your kick misses Crazy Yiuf.
You feel sick.
Crazy Yiuf says, "I'm not crazy!"
Crazy Yiuf closely misses you. Crazy Yiuf barely misses you.
You barely miss Crazy Yiuf. You kick Crazy Yiuf, but do no damage.
You feel sick.
Crazy Yiuf hits you with a +2 quarterstaff of chaos.
* * * LOW HITPOINT WARNING * * *
You hit Crazy Yiuf but do no damage. Your kick misses Crazy Yiuf.
You feel sick. Crazy Yiuf barely misses you.
You barely miss Crazy Yiuf.
You feel sick.
Crazy Yiuf hits you with a +2 quarterstaff of chaos!
* * * LOW HITPOINT WARNING * * *
You are electrocuted!
Ouch! That really hurt!
You die...

...####.†.......####......#.##.##
......')........+...............#
...####.........####...##.#.####.
#.## ##.######## #######..# #†
### ### ##.## #. ## ♣♣♣♣♣#####.#
#. .# ### ♣♣♣)♣)...##.## #. (#
#)))#♣))♣)......## #. .##
#())g@♣♣♣♣......# #. ..# #)))#♣♣
♣♣....## #. ..# ### ♣♣#### #. ..#
#. ..######## #.
..##.....################# ##
.....####.#..............# #.####
#.######.######### ..# #.######.#


You could see Crazy Yiuf.

Vanquished Creatures
  A dart slug (D:1)
  4 endoplasms
  2 hobgoblins
  2 quokkas (D:1)
  A ball python (D:1)
  A bat (D:2)
  2 kobolds (D:2)
  2 rats (D:2)
15 creatures vanquished.

Notes
Turn   | Place    | Note
-------+----------+-------------------------------------------
     0 | D:1      | theswoord the Demonspawn Gladiator began the quest for the
                  | Orb.
     0 | D:1      | Reached XP level 1. HP: 16/16 MP: 1/1
    97 | D:1      | Reached skill level 3 in Staves
   287 | D:1      | Gained mutation: You have large cloven feet. [demonic
                  | ancestry]
   287 | D:1      | Reached XP level 2. HP: 18/22 MP: 2/2
  1218 | D:2      | Found a runed translucent door.
  1219 | D:2      | Noticed Crazy Yiuf
  1230 | D:2      | HP: 1/22 [Crazy Yiuf/+2 quarterstaff of chaos (9)]
  1230 | D:2      | Mangled by Crazy Yiuf

Skill      XL: |  1 |
---------------+----+-----
Staves         | 3 |  3.5
Fighting       | |  2.0
Throwing       | |  1.7
Dodging        | |  2.6

Action                     || total
---------------------------++-------
  Melee: Quarterstaff      ||    50
         Kick              ||     4
  Throw: Throwing net      ||     3
 Armour: Leather armour    ||    18
  Dodge: Dodged            ||    24

Levels and vault maps discovered:
D:1:      ldierk_walled_garden, layout_rooms, corexii_corridor_pit,
          st_stairs_14, chequers_serial_rivers_large_a, minmay_cut_off
D:2:      layout_loops_corners, uniq_crazy_yiuf_cottage
